 Dungeon Crawl Stone Soup version 0.27.1-34-g3ba077fa99 (webtiles) character file.

Game seed: 14186277855346588071

432 cbfl8 the Sneak (level 6, 0/55 HPs)
             Began as a Minotaur Delver on Jan 20, 2022.
             Slain by a scorpion (2 damage)
             ... on level 4 of the Dungeon.
             The game lasted 00:06:23 (2780 turns).

cbfl8 the Sneak (Minotaur Delver)                   Turns: 2780, Time: 00:06:24

Health: 0/55       AC:  6    Str: 16    XL:     6   Next: 67%
Magic:  14/14      EV: 10    Int:  9    God:
Gold:   131        SH:  5    Dex: 12    Spells: 5/5 levels left

rFire    . . .     SeeInvis .   v - +7 club
rCold    . . .     Faith    .   (no shield)
rNeg     . . .     Spirit   .   w - +0 scale mail
rPois    .         Reflect  +   (helmet restricted)
rElec    .         Harm     .   (no cloak)
rCorr    .         Rampage  .   (no gloves)
Will     .....                  (no boots)
Stlth    ++........             n - amulet of reflection
HPRegen  0.18/turn              q - ring of magical power
MPRegen  0.14/turn              (no ring)

@: lethally poisoned (0 -> -1), flying, studying Transmutations
A: horns 2, retaliatory headbutt
a: no special abilities


You were on level 4 of the Dungeon.
You visited 1 branch of the dungeon, and saw 5 of its levels.

You collected 131 gold pieces.

Inventory:

Hand Weapons
 a - a +0 hand axe
 i - a +4 dagger
 k - a +0 dagger
 v - a +7 club (weapon)
 x - a +1 dagger of speed
Missiles
 p - 34 arrows
Armour
 b - a +0 leather armour
 w - a +0 scale mail (worn)
Jewellery
 n - an amulet of reflection (around neck)
 q - a ring of magical power (left hand)
Wands
 g - a wand of digging (3)
Scrolls
 c - a scroll of fog
 d - a scroll of magic mapping
 e - 2 scrolls of fear
 h - 3 scrolls of identify {unknown}
 m - 2 scrolls of teleportation {unknown}
 s - a scroll of enchant armour {unknown}
Potions
 f - a potion of haste
 j - a potion of attraction {unknown}
 l - a potion of flight
 o - a potion of heal wounds {unknown}
 r - a potion of invisibility {unknown}
 t - a potion of berserk rage {unknown}
 u - a potion of might {unknown}


   Skills:
 + Level 4.8 Fighting
 + Level 2.3 Short Blades
 + Level 2.8 Axes
 + Level 3.2 Armour
 + Level 3.6 Dodging
 + Level 5.5 Stealth
 + Level 1.1 Shields


You had 5 spell levels left.
You didn't know any spells.
Your spell library was empty.

Dungeon Overview and Level Annotations

Branches:
Dungeon (5/15)
 Temple: D:4-7

Altars:
Elyvilon


Innate Abilities, Weirdness & Mutations

You have a pair of horns on your head.
You reflexively headbutt those who attack you in melee.


Message History

You hit the scorpion.
The scorpion is lightly wounded.
You feel very sick. The scorpion closely misses you. The scorpion stings you.
Unknown command.
You hit the scorpion. Your headbutt misses the scorpion.
The scorpion is lightly wounded.
You feel very sick. The scorpion stings you!
* * * LOW HITPOINT WARNING * * *
Unknown command.
You sock the scorpion!
You headbutt the scorpion, but do no damage.
The scorpion is heavily wounded.
* * * LOW HITPOINT WARNING * * *
You feel very sick.
The scorpion stings you but does no damage. x2
Unknown command.
You hit the scorpion but do no damage.
The scorpion is heavily wounded.
You feel sick. The scorpion barely misses you.
Unknown command.
You barely miss the scorpion. Your headbutt misses the scorpion.
The scorpion is heavily wounded.
You feel sick. You block the scorpion's attack. x2
You hit the scorpion but do no damage.
You headbutt the scorpion, but do no damage.
The scorpion is heavily wounded.
You feel sick.
The scorpion stings you but does no damage.
You hit the scorpion.
The scorpion is severely wounded.
You feel sick. The scorpion stings you.
* * * LOW HITPOINT WARNING * * *
It was a potion of flight.
You feel very buoyant.
You fly up into the air.
* * * LOW HITPOINT WARNING * * *
You feel sick. You block the scorpion's attack. The scorpion stings you.
You die...

.#. . ... # ..##.
#####....
s........##.#.#
......##.##.#.#
............#.#
..............#
......##<#....#
#........@...######.#
#.#.....s....<.....#
#.###.#############
#....# #(#####


You could see a scorpion.

Vanquished Creatures
  Sigmund (D:2)
  An ogre (D:3)
  A jelly (D:3)
  Jessica (D:3)
  Ijyb (D:4)
  6 adders
  A worm (D:2)
  6 ball pythons
  7 bats
  5 endoplasms
  3 giant cockroaches
  12 goblins
  5 hobgoblins
  2 jackals (D:1)
  6 kobolds
  3 quokkas
  2 frilled lizards (D:2)
  3 rats (D:1)
66 creatures vanquished.

Notes
Turn   | Place    | Note
-------+----------+-------------------------------------------
     0 | D:5      | cbfl8 the Minotaur Delver began the quest for the Orb.
     0 | D:5      | Reached XP level 1. HP: 19/19 MP: 0/0
   114 | D:3      | Reached XP level 2. HP: 23/27 MP: 1/1
   259 | D:2      | Reached XP level 3. HP: 22/33 MP: 2/2
   335 | D:2      | Reached skill level 1 in Armour
  1176 | D:2      | Reached XP level 4. HP: 40/40 MP: 3/3
  1580 | D:2      | Noticed Sigmund
  1794 | D:2      | Killed Sigmund
  1795 | D:2      | Reached skill level 1 in Short Blades
  1795 | D:2      | Reached skill level 5 in Stealth
  1795 | D:2      | Reached XP level 5. HP: 47/47 MP: 4/4
  2029 | D:3      | Noticed an ogre
  2033 | D:3      | Killed an ogre
  2034 | D:3      | Reached XP level 6. HP: 53/53 MP: 5/5
  2144 | D:3      | Reached skill level 1 in Shields
  2228 | D:3      | Found a white marble altar of Elyvilon.
  2229 | D:3      | Noticed Jessica
  2233 | D:3      | Killed Jessica
  2751 | D:4      | Noticed Ijyb
  2771 | D:4      | Killed Ijyb
  2780 | D:4      | HP: 2/55 [poisoned by a scorpion]
  2780 | D:4      | Slain by a scorpion

Illustrated notes

Levels and vault maps discovered:
D:1:      nicolae_arrival_memento_mori, layout_rooms
D:2:      kennysheep_the_goblin_king, layout_loops_ring,
          kennysheep_cross_bottleneck, kennysheep_generic_room_13, uniq_sigmund
D:3:      layout_basic, mainiacjoe_overflow_24_doors, uniq_jessica
D:4:      layout_loops_ring, mainiacjoe_overflow_tiny_flanked, uniq_ijyb,
          uniq_natasha, uniq_edmund
D:5:      layout_rooms, minmay_temple_entry_large_hall, interstate_on_off,
          amcnicky_mini_corridor_feature, sword_in_stone

Skill      XL: |  1  2  3  4  5  6 |
---------------+-------------------+-----
Armour         | 1 2 3 |  3.2
Fighting       | 4 |  4.8
Short Blades   | 1 2 |  2.3
Dodging        | 3 |  3.6
Stealth        | 5 |  5.5
Shields        | 1 |  1.1
Axes           | |  2.8

Action                   |  1- 3 |  4- 6 || total
-------------------------+-------+-------++-------
Melee: Hand axe          |    30 |       ||    30
       Headbutt          |     8 |    13 ||    21
       Dagger            |    30 |    48 ||    78
       Club              |       |    17 ||    17
  Use: Potion            |       |     1 ||     1
 Stab: Sleeping          |     4 |     7 ||    11
Armor: Leather armour    |    20 |    11 ||    31
       Scale mail        |       |     9 ||     9
Dodge: Dodged            |    51 |    54 ||   105
Block: Other             |       |    15 ||    15
